 Dungeon Crawl Stone Soup version 0.29-a0-474-gdfe5cd140f (webtiles) character file.

Game seed: 3680905251725416041

2570 NateTC the Cleaver (level 9, -2/66 HPs)
             Began as a Minotaur Fighter on May 22, 2022.
             Was a Follower of Hepliaklqana.
             Killed from afar by a swamp worm (8 damage)
             ... with a harpoon shot
             ... on level 7 of the Dungeon on May 23, 2022.
             The game lasted 00:34:44 (5793 turns).

NateTC the Cleaver (Minotaur Fighter)               Turns: 5793, Time: 00:34:45

Health: -2/66      AC: 18    Str: 25    XL:     9   Next: 32%
Magic:  18/18      EV:  6    Int: 10    God:    Hepliaklqana [*.....]
Gold:   319        SH:  4    Dex: 10    Spells: 8/8 levels left

rFire   . . .      SeeInvis .   a - +1 war axe
rCold   . . .      Faith    .   c - +0 buckler
rNeg    + . .      Spirit   .   u - +0 plate armour
rPois   .          Reflect  .   (helmet restricted)
rElec   .          Harm     .   h - +1 cloak {Will+}
rCorr   .          Rampage  .   t - +0 pair of gloves
Will    +....                   j - +0 pair of boots
Stlth   ..........              x - amulet of regeneration
HPRegen 1.01/turn               f - ring of flight
MPRegen 0.16/turn               F - ring "Korr" {rN+ MP+9 Int+5}

@: flying
A: reduced essence, horns 2, retaliatory headbutt
a: Renounce Religion, Recall Ancestor, Ancestor Identity


You were on level 7 of the Dungeon.
You worshipped Hepliaklqana.
Hepliaklqana was aware of your devotion.
You visited 2 branches of the dungeon, and saw 8 of its levels.
You also visited: Sewer.

You collected 319 gold pieces.

Inventory:

Hand Weapons
 a - a +1 war axe (weapon)
 b - a +3 hand crossbow
 D - a +4 morningstar
Armour
 c - a +0 buckler (worn)
 h - a +1 cloak of willpower (worn)
 j - a +0 pair of boots (worn)
 t - a +0 pair of gloves (worn)
 u - a +0 plate armour (worn)
Jewellery
 f - a ring of flight (left hand)
 x - an amulet of regeneration (around neck)
 F - the ring "Korr" (right hand) {rN+ MP+9 Int+5}
   (You found it on level 7 of the Dungeon)

   [ring of magical power]

   Int:       It affects your intelligence (+5).
   rN:        It protects you from negative energy.
   MP:        It affects your magic capacity (+9).
Wands
 m - a wand of digging (6)
 r - a wand of flame (14)
 v - a wand of paralysis (8)
 y - a wand of acid (9)
 C - a wand of mindburst (20)
Scrolls
 g - a scroll of enchant weapon
 l - 7 scrolls of teleportation
 E - 2 scrolls of immolation
Potions
 d - 4 potions of might
 e - a potion of brilliance
 i - 3 potions of flight
 k - 2 potions of lignification
 n - 2 potions of degeneration
 o - 3 potions of haste
 p - 2 potions of mutation {unknown}
 q - a potion of heal wounds {unknown}
 s - 5 potions of curing
 w - a potion of berserk rage
 z - 2 potions of magic {unknown}
 A - 3 potions of resistance
 B - 3 potions of invisibility


   Skills:
 - Level 5.5 Fighting
 * Level 11.7 Axes
 - Level 3.1 Crossbows
 - Level 7.4 Armour
 - Level 3.6 Shields
 * Level 1.6 Invocations
 - Level 3.0 Evocations


You had 8 spell levels left.
You didn't know any spells.
Your spell library contained the following spells:

 Spells                   Type           Power      Damage    Failure   Level
 Beastly Appendage        Tmut           0%         N/A       99%         1
 Wereblood                Tmut           0%         N/A       100%        2
 Spider Form              Tmut/Pois      0%         N/A       100%        3


Dungeon Overview and Level Annotations

Branches:
Dungeon (7/15)             Temple (1/1) D:4           Sewer (visited)

Altars:
Ashenzari
Cheibriados
Dithmenos
Elyvilon
Fedhas
Gozag
Hepliaklqana
Kikubaaqudgha
Makhleb
Nemelex Xobeh
Okawaru
Qazlal
Ru
Sif Muna
Trog
Uskayaw
Vehumet
Wu Jian
Xom
Yredelemnul
Zin
The Shining One

Portals:
Abyss: D:3

Annotations:
D:3 2 transporters, happo123's ghost, weakling TrMo


Innate Abilities, Weirdness & Mutations

Your life essence is reduced to manifest your ancestor. (-10% HP)
You have a pair of horns on your head.
You reflexively headbutt those who attack you in melee.


Message History

The plant is lightly damaged.
You hit the plant. You slash the plant!
The swamp worm bites the plant!
Ku-aya hits the plant.
You slash the plant!
You headbutt the plant, but do no damage.
The plant is moderately damaged.
You hit the plant. x2; The swamp worm bites the plant!
Ku-aya hits the plant!
You slash the plant!
The plant is moderately damaged.
You slash the plant! x2; A nearby plant withers and dies. x4
You swap places.
The swamp worm bites you!
You hit the swamp worm but do no damage.
Your headbutt misses the swamp worm. The swamp worm bites you!
Ku-aya completely misses the swamp worm.
You barely miss the swamp worm. The swamp worm bites you!
You barely miss the swamp worm. Your headbutt misses the swamp worm.
The swamp worm bites you!
Ku-aya barely misses the swamp worm.
The swamp worm barely misses you.
Ku-aya barely misses the swamp worm.
The swamp worm bites you!
* * * LOW HITPOINT WARNING * * *
Ku-aya barely misses the swamp worm.
The swamp worm fires a harpoon shot at you.
The harpoon shot hits you.
* * * LOW HITPOINT WARNING * * *
You are yanked forward by the harpoon shot.
You feel better.
Ku-aya closely misses the swamp worm.
The swamp worm bites you!
* * * LOW HITPOINT WARNING * * *
Ku-aya hits the swamp worm.
The swamp worm fires a harpoon shot at you.
You block the harpoon shot.
The swamp worm fires a harpoon shot at you.
The harpoon shot hits you.
* * * LOW HITPOINT WARNING * * *
You are yanked forward by the harpoon shot.
Ku-aya closely misses the swamp worm.
The swamp worm closely misses you.
Ku-aya barely misses the swamp worm.
The swamp worm fires a harpoon shot at you.
The harpoon shot hits you!
You die...

#≈≈ ###≈≈ ##≈≈≈
# #≈≈≈###≈###
#≈≈≈#≈≈≈)≈#
#≈≈R≈≈≈≈≈≈≈
#≈≈w#≈≈)≈≈##≈≈.
#≈≈≈###≈###≈≈≈
##≈≈@≈###≈≈≈≈##
#.#≈≈≈≈≈≈≈...
#.#.≈≈≈≈≈..#
#.....###.##
###.####...####
#...........#
######...##.#
##.###.# #.#
#.######


You could see the friendly Ku-aya the ancestor and a swamp worm (ally target).

Vanquished Creatures
  Menkaure (D:4)
  Edmund (D:6)
  Duvessa (D:6)
  A sky beast (D:6)
  An orc warrior (D:6)
  A black bear (D:5)
  3 ogres
  A kobold brigand (D:4)
  A bullfrog (D:5)
  4 phantoms
  A necrophage (D:6)
  3 scorpions
  4 wights (D:6)
  Dowan (D:6)
  2 howler monkeys (D:5)
  2 hounds
  An orc priest (D:4)
  2 iguanas
  An orc wizard (D:7)
  3 gnolls (D:5)
  2 adders
  11 river rats (Sewer)
  3 ufetubi (D:5)
  2 worms
  A dart slug (D:5)
  9 orcs
  13 ball pythons
  10 endoplasms
  6 giant cockroaches
  12 hobgoblins
  6 jackals
  A quokka (D:5)
  8 bats
  5 frilled lizards
  6 goblins
  17 kobolds
  15 rats
162 creatures vanquished.

Vanquished Creatures (collateral kills)
  An ice beast (D:6)
  A scorpion (D:6)
  An orc priest (D:7)
  Ijyb (D:5)
  An orc wizard (D:5)
  A river rat (Sewer)
  An orc (D:5)
  A quokka (D:5)
  2 ball pythons (Sewer)
  3 kobolds (Sewer)
  4 rats (Sewer)
17 creatures vanquished.

Vanquished Creatures (others)
  2 ancestors (D:6)
  A fungus (D:1)
  13 plants
16 creatures vanquished.

Grand Total: 195 creatures vanquished

Notes
Turn   | Place    | Note
-------+----------+-------------------------------------------
     0 | D:1      | NateTC the Minotaur Fighter began the quest for the Orb.
     0 | D:1      | Reached XP level 1. HP: 19/19 MP: 0/0
   164 | D:1      | Reached skill level 3 in Axes
   166 | D:1      | Reached XP level 2. HP: 20/26 MP: 1/1
   402 | D:1      | Reached skill level 4 in Axes
   455 | D:1      | Found a faded altar of an unknown god.
   469 | D:1      | Reached XP level 3. HP: 31/31 MP: 2/2
  1689 | D:3      | Reached skill level 1 in Crossbows
  1781 | D:3      | Found a transporter.
  1802 | D:3      | Found a one-way gate to the infinite horrors of the Abyss.
  1802 | D:3      | Noticed happo123's ghost (weakling TrMo)
  1830 | D:3      | Reached XP level 4. HP: 39/39 MP: 3/3
  1843 | D:3      | Found a transporter.
  2044 | D:3      | Reached skill level 5 in Axes
  2330 | D:3      | Upgraded the game from 0.29-a0-472-ge5599a681e to
                  | 0.29-a0-474-gdfe5cd140f
  2391 | D:4      | Found a stormy altar of Qazlal.
  2407 | D:4      | Noticed an ogre
  2410 | D:4      | Killed an ogre
  2411 | D:4      | Reached skill level 6 in Axes
  2411 | D:4      | Reached XP level 5. HP: 47/47 MP: 4/4
  2671 | D:4      | Found a staircase to the Ecumenical Temple.
  2689 | D:4      | Reached XP level 6. HP: 53/53 MP: 5/5
  2704 | Temple   | Entered the Ecumenical Temple
  2810 | Temple   | Became a worshipper of Hepliaklqana the Forgotten
  2930 | D:4      | Reached skill level 7 in Axes
  2942 | D:4      | Reached skill level 5 in Fighting
  2945 | D:4      | Noticed Menkaure
  2980 | D:4      | Killed Menkaure
  3131 | D:4      | Reached XP level 7. HP: 61/61 MP: 6/6
  3406 | D:5      | Entered Level 5 of the Dungeon
  3428 | D:5      | Reached skill level 1 in Evocations
  3569 | D:5      | Reached skill level 5 in Armour
  3660 | D:5      | Reached * piety under Hepliaklqana
  3692 | D:5      | Reached XP level 8. HP: 62/62 MP: 7/7
  3722 | D:5      | Found a glowing drain.
  3734 | Sewer    | Entered a sewer
  4281 | D:5      | Reached skill level 8 in Axes
  4296 | D:5      | Noticed Ijyb
  4308 | D:5      | Killed Ijyb
  4752 | D:6      | Noticed Edmund
  4764 | D:6      | Killed Edmund
  4807 | D:6      | Reached skill level 9 in Axes
  4820 | D:6      | Reached skill level 10 in Axes
  4864 | D:6      | Reached XP level 9. HP: 66/66 MP: 8/8
  5027 | D:6      | Reached skill level 11 in Axes
  5191 | D:6      | Noticed Duvessa
  5192 | D:6      | Noticed Dowan
  5209 | D:6      | Killed Dowan
  5210 | D:6      | Killed Duvessa
  5612 | D:7      | Identified the ring "Korr" {rN+ MP+9 Int+5}
  5691 | D:7      | Reached skill level 1 in Invocations
  5793 | D:7      | Killed from afar by a swamp worm

Illustrated notes

Levels and vault maps discovered:
D:1:      minmay_arrival_hallway, layout_basic,
          shapermc_ecumenical_altar_mp_ritualfount, serial_bayou_ford_a
D:2:      minmay_inner_zag, layout_loops_corners, minmay_misc_feat_iff,
          amethyst_killhole
D:3:      minmay_wonky_spiral, layout_loops_ring, gammafunk_ghost_abyssal_escape
D:4:      layout_basic, mainiacjoe_overflow_alcove_4, temple_pool_b,
          corexii_checkpoint_b, minivault_4, kennysheep_flooded_box,
          uniq_menkaure
D:5:      layout_loops_ring, portal_sewer_entry_f, hangedman_glass_teeth,
          kennysheep_diamond, uniq_ijyb
D:6:      layout_loops_ring, st_stairs_14, uniq_duvessa, uniq_edmund
D:7:      layout_loops_ring, gammafunk_ghost_hive, serial_shops,
          nicolae_shop_trees, worms_lemuel
Temple:   nicolae_temple_the_god_donut

Skill      XL: |  1  2  3  4  5  6  7  8  9 |
---------------+----------------------------+-----
Axes           | 3 4 6 7 10 11 | 11.7
Crossbows      | 1 3 |  3.1
Fighting       | 4 5 |  5.5
Evocations     | 3 |  3.0
Armour         | 6 7 |  7.4
Invocations    | 1 |  1.6
Shields        | |  3.6

Action                   |  1- 3 |  4- 6 |  7- 9 || total
-------------------------+-------+-------+-------++-------
Melee: War axe           |    97 |    46 |   138 ||   281
       Headbutt          |    13 |     7 |    30 ||    50
 Fire: Hand crossbow     |    29 |    27 |   123 ||   179
  Use: Scroll            |     8 |     3 |     4 ||    15
       Potion            |       |       |     2 ||     2
Armor: Scale mail        |    78 |    34 |    13 ||   125
       Plate armour      |       |       |   112 ||   112
Dodge: Dodged            |    59 |    20 |    47 ||   126
Block: Buckler           |    31 |     9 |    37 ||    77

Table legend: (Time is in decaauts)
 A = Elapsed time spent in this place.
 B = Non-inter-level travel time spent in this place.
 C = Inter-level travel time spent in this place.
 D = Time resting spent in this place.
 E = Time spent auto-exploring this place.
 F = Levels seen in this place.
 G = Mean time per level.
                   A        B        C        D        E       F      G
               +--------+--------+--------+--------+--------+-----+--------+
         Total |   5943 |   5736 |    207 |    472 |   1406 |   9 |  660.3 |
       Dungeon |   5328 |   5133 |    195 |    465 |   1244 |   7 |  761.1 |
        Temple |    118 |    106 |     12 |      0 |      0 |   1 |  118.0 |
         Sewer |    496 |    496 |      0 |      7 |    162 |   1 |  496.0 |
               +--------+--------+--------+--------+--------+-----+--------+

Top non-repeatable levels by time:
     D:4: 932 daAuts
     D:2: 923 daAuts
     D:6: 885 daAuts
     D:5: 863 daAuts
     D:3: 789 daAuts
     D:1: 703 daAuts
   Sewer: 496 daAuts
     D:7: 231 daAuts
  Temple: 118 daAuts
